APP
OGDEN RAPTORS @ SAN DIEGO (APP) PADRES
10/06/2048
 
TOP OF THE 1ST
San Francisco (APP) Giants batting - Pitching for San Diego (APP) Padres : RHP Jon Naegele
Pitching: RHP Jon Naegele
Batting: LHB Wilson Ayala 0-0: Ball
1-0: Ball
2-0: Ball
3-0: Called Strike
3-1: Base on Balls
Batting: LHB A.J. Paine 0-0: Foul Ball, location: 2F
0-1: Foul Ball, location: 2F
0-2: Ball
1-2: Ball
Wilson Ayala steals 2nd base (no throw)
2-2: Ball
3-2: Foul Ball, location: 2F
3-2: Foul Ball, location: 2F
3-2: Fly out, F6 (Popup, 6, EV 78.8 MPH)
Batting: RHB Luis Andrade 0-0: Ball
1-0: Called Strike
Wilson Ayala steals 3rd, throwing error, E2
Wilson Ayala scores
1-1: Swinging Strike
1-2: Ball
2-2: Foul Ball, location: 2F
2-2: Foul Ball, location: 2F
2-2: Strikes out swinging
Batting: RHB Nate Stio 0-0: Ball
1-0: Reached on error, E5 (Groundball, 5, EV 90.6 MPH)
Batting: RHB Steve Crandall 0-0: Foul Ball, location: 2F
0-1: Swinging Strike
0-2: Strikes out looking
Top of the 1st over - 1 run, 0 hits, 2 errors, 1 left on base; San Francisco (APP) 1 - San Diego (APP) 0
BOTTOM OF THE 1ST
San Diego (APP) Padres batting - Pitching for San Francisco (APP) Giants : LHP Jesse Hulse
Pitching: LHP Jesse Hulse
Batting: SHB Juan Luna 0-0: Ball
1-0: Ball
2-0: Swinging Strike
2-1: Called Strike
2-2: Fly out, F3 (Flyball, 3D, EV 88.1 MPH)
Batting: SHB Justin Burkholder 0-0: Foul Ball, location: 2F
0-1: Ball
1-1: Called Strike
1-2: Ball
2-2: Ball
3-2: Foul Ball, location: 2F
3-2: Fly out, F9 (Flyball, 89M, EV 83.8 MPH)
Batting: RHB Laroya Foronda 0-0: Called Strike
0-1: Swinging Strike
0-2: Strikes out looking
Bottom of the 1st over - 0 runs, 0 hits, 0 errors, 0 left on base; San Francisco (APP) 1 - San Diego (APP) 0
TOP OF THE 2ND
San Francisco (APP) Giants batting - Pitching for San Diego (APP) Padres : RHP Jon Naegele
Batting: SHB Jimmy Kovac 0-0: Foul Ball, location: 2F
0-1: Ball
1-1: Foul Ball, location: 2F
1-2: Strikes out swinging
Batting: RHB Luis Herrera 0-0: Called Strike
0-1: Called Strike
0-2: Foul Ball, location: 2F
0-2: Ball
1-2: Foul Ball, location: 2F
1-2: Ball
2-2: Ball
3-2: Foul Ball, location: 2F
3-2: DOUBLE (Line Drive, 89D, EV 111.3 MPH)
Batting: LHB Tim Long 0-0: Ball
1-0: Ball
2-0: Ball
3-0: Called Strike
3-1: Swinging Strike
3-2: Fly out, F3 (Line Drive, 3, EV 61.9 MPH)
Batting: LHB Jesse Hulse 0-0: Ball
Passed Ball!
Luis Herrera to third
1-0: Ball
2-0: Foul Ball, location: 2F
2-1: Swinging Strike
2-2: Ball
Passed Ball!
Luis Herrera scores
3-2: Strikes out swinging
Top of the 2nd over - 1 run, 1 hit, 0 errors, 0 left on base; San Francisco (APP) 2 - San Diego (APP) 0
BOTTOM OF THE 2ND
San Diego (APP) Padres batting - Pitching for San Francisco (APP) Giants : LHP Jesse Hulse
Batting: LHB Byron Carmichael 0-0: Ball
1-0: Called Strike
1-1: Ball
2-1: Foul Ball, location: 2F
2-2: Ground out 6-3 (Groundball, 6, EV 77.5 MPH)
Batting: LHB Bobby Mohr 0-0: Ball
1-0: Called Strike
1-1: Fly out, F7 (Flyball, 7S, EV 82.5 MPH)
Batting: RHB Joe Brady 0-0: Fly out, F3 (Line Drive, 3, EV 66.3 MPH)
Bottom of the 2nd over - 0 runs, 0 hits, 0 errors, 0 left on base; San Francisco (APP) 2 - San Diego (APP) 0
TOP OF THE 3RD
San Francisco (APP) Giants batting - Pitching for San Diego (APP) Padres : RHP Jon Naegele
Batting: LHB Wilson Ayala 0-0: Called Strike
0-1: Ground out 4-3 (Groundball, 4S, EV 89.4 MPH)
Batting: LHB A.J. Paine 0-0: Called Strike
0-1: SOLO HOME RUN (Flyball, 7D, EV 89.4 MPH), Distance : 379 ft
Batting: RHB Luis Andrade 0-0: Ground out 3-1 (Groundball, 34, EV 86.3 MPH)
Batting: RHB Nate Stio 0-0: Fly out, F7 (Flyball, 7D, EV 83.8 MPH)
Top of the 3rd over - 1 run, 1 hit, 0 errors, 0 left on base; San Francisco (APP) 3 - San Diego (APP) 0
BOTTOM OF THE 3RD
San Diego (APP) Padres batting - Pitching for San Francisco (APP) Giants : LHP Jesse Hulse
Batting: LHB Justin Banner 0-0: Called Strike
0-1: Fly out, F8 (Flyball, 89D, EV 98.8 MPH)
Batting: RHB John Gray 0-0: Called Strike
0-1: Ground out 3-1 (Groundball, 34, EV 93.1 MPH)
Batting: RHB Jon Naegele 0-0: Called Strike
0-1: Called Strike
0-2: SINGLE (Groundball, 6MD, EV 101.3 MPH)
Batting: SHB Juan Luna 0-0: Called Strike
0-1: Fielders Choice at 2nd, 6-4 (Groundball, 6, EV 110.0 MPH)
Bottom of the 3rd over - 0 runs, 1 hit, 0 errors, 1 left on base; San Francisco (APP) 3 - San Diego (APP) 0
TOP OF THE 4TH
San Francisco (APP) Giants batting - Pitching for San Diego (APP) Padres : RHP Jon Naegele
Batting: RHB Steve Crandall 0-0: Called Strike
0-1: Swinging Strike
0-2: Ball
1-2: SINGLE (Line Drive, 8RS, EV 106.9 MPH)
Batting: SHB Jimmy Kovac 0-0: Called Strike
0-1: Foul Ball, location: 2F
0-2: Fielders Choice at 2nd, 1-6 (Groundball, P, EV 80.0 MPH)
Batting: RHB Luis Herrera 0-0: Called Strike
Jimmy Kovac steals 2nd base
0-1: Foul Ball, location: 2F
0-2: Ball
1-2: Ball
2-2: Foul Ball, location: 2F
2-2: Fly out, F9 (Flyball, 9S, EV 86.3 MPH)
Batting: LHB Tim Long 0-0: Intentional Walk
Batting: LHB Jesse Hulse 0-0: Fly out, F5 (Popup, 5SF, EV 83.1 MPH)
Top of the 4th over - 0 runs, 1 hit, 0 errors, 2 left on base; San Francisco (APP) 3 - San Diego (APP) 0
BOTTOM OF THE 4TH
San Diego (APP) Padres batting - Pitching for San Francisco (APP) Giants : LHP Jesse Hulse
Batting: SHB Justin Burkholder 0-0: Fly out, F9 (Flyball, 9LM, EV 88.8 MPH)
Batting: RHB Laroya Foronda 0-0: Ground out 5-3 (Groundball, 56S, EV 71.9 MPH)
Batting: LHB Byron Carmichael 0-0: Swinging Strike
0-1: Ball
1-1: Called Strike
1-2: Ball
2-2: Ball
3-2: Strikes out swinging
Bottom of the 4th over - 0 runs, 0 hits, 0 errors, 0 left on base; San Francisco (APP) 3 - San Diego (APP) 0
TOP OF THE 5TH
San Francisco (APP) Giants batting - Pitching for San Diego (APP) Padres : RHP Jon Naegele
Batting: LHB Wilson Ayala 0-0: Ball
1-0: Called Strike
1-1: Ball
2-1: Called Strike
2-2: DOUBLE (Line Drive, 8RD, EV 105.0 MPH)
Pitching: RHP Jorge Islas
Batting: LHB A.J. Paine 0-0: Ball
1-0: Ball
2-0: Ground out 4-3 (Groundball, 4, EV 105.6 MPH)
Wilson Ayala to third
Batting: RHB Luis Andrade 0-0: Ball
1-0: Ball
Passed Ball!
Wilson Ayala scores
2-0: Foul Ball, location: 2F
2-1: Ball
3-1: Foul Ball, location: 2F
3-2: Base on Balls
Batting: RHB Nate Stio 0-0: Swinging Strike
0-1: Fly out, F7 (Flyball, 7LSF, EV 90.6 MPH)
Batting: RHB Steve Crandall 0-0: Swinging Strike
Passed Ball!
Luis Andrade to second
0-1: Ball
1-1: Ball
2-1: Swinging Strike
2-2: Ground out 6-3 (Groundball, 6, EV 85.6 MPH)
Top of the 5th over - 1 run, 1 hit, 0 errors, 1 left on base; San Francisco (APP) 4 - San Diego (APP) 0
BOTTOM OF THE 5TH
San Diego (APP) Padres batting - Pitching for San Francisco (APP) Giants : LHP Jesse Hulse
Batting: LHB Bobby Mohr 0-0: Ball
1-0: Ball
2-0: Fly out, F8 (Flyball, 78XD, EV 97.5 MPH)
Batting: RHB Joe Brady 0-0: Ground out 4-3 (Groundball, 4, EV 81.9 MPH)
Batting: LHB Justin Banner 0-0: Called Strike
0-1: Ball
1-1: Fly out, F3 (Popup, 34, EV 76.9 MPH)
Bottom of the 5th over - 0 runs, 0 hits, 0 errors, 0 left on base; San Francisco (APP) 4 - San Diego (APP) 0
TOP OF THE 6TH
San Francisco (APP) Giants batting - Pitching for San Diego (APP) Padres : RHP Jorge Islas
Batting: SHB Jimmy Kovac 0-0: Ball
1-0: Ball
2-0: Ball
3-0: Foul Ball, location: 2F
3-1: Base on Balls
Batting: RHB Luis Herrera 0-0: Called Strike
0-1: Swinging Strike
0-2: Ball
Passed Ball!
Jimmy Kovac to second
1-2: Ball
2-2: Foul Ball, location: 2F
2-2: Strikes out looking
Batting: LHB Tim Long 0-0: Ball
Passed Ball!
Jimmy Kovac to third
1-0: Ball
2-0: Fly out, F7 (Flyball, 7LS, EV 81.9 MPH)
Batting: LHB Jesse Hulse 0-0: SINGLE (Groundball, 6D, EV 94.4 MPH)
Jimmy Kovac scores
Batting: LHB Wilson Ayala 0-0: Ball
1-0: Foul Ball, location: 2F
1-1: Ball
2-1: Ball
3-1: Fly out, F8 (Flyball, 89D, EV 100.0 MPH)
Top of the 6th over - 1 run, 1 hit, 0 errors, 1 left on base; San Francisco (APP) 5 - San Diego (APP) 0
BOTTOM OF THE 6TH
San Diego (APP) Padres batting - Pitching for San Francisco (APP) Giants : LHP Jesse Hulse
Batting: RHB John Gray 0-0: Called Strike
0-1: Foul Ball, location: 2F
0-2: DOUBLE (Line Drive, 5D, EV 103.1 MPH)
Pinch Hitting: RHB Jonathan Klug 0-0: Ball
1-0: Called Strike
1-1: Foul Ball, location: 2F
1-2: Foul Ball, location: 2F
1-2: Foul Ball, location: 2F
1-2: Strikes out swinging
Batting: SHB Juan Luna 0-0: Fly out, F8 (Flyball, 8RM, EV 89.4 MPH)
Batting: SHB Justin Burkholder 0-0: Ball
1-0: Ball
2-0: Called Strike
2-1: Foul Ball, location: 2F
2-2: Ball
3-2: Foul Ball, location: 2F
3-2: Strikes out swinging
Bottom of the 6th over - 0 runs, 1 hit, 0 errors, 1 left on base; San Francisco (APP) 5 - San Diego (APP) 0
TOP OF THE 7TH
San Francisco (APP) Giants batting - Pitching for San Diego (APP) Padres : RHP Jorge Islas
Pitching: LHP John Redding
Batting: LHB A.J. Paine 0-0: Ball
1-0: Called Strike
1-1: Called Strike
1-2: Ball
2-2: Strikes out looking
Batting: RHB Luis Andrade 0-0: Called Strike
0-1: Ball
1-1: Swinging Strike
1-2: Ball
2-2: Ball
3-2: Foul Ball, location: 2F
3-2: Fly out, F7 (Flyball, 7S, EV 85.0 MPH)
Batting: RHB Nate Stio 0-0: Ball
1-0: Foul Ball, location: 2F
1-1: Foul Ball, location: 2F
1-2: SINGLE (Line Drive, 6D, EV 102.5 MPH)
Batting: RHB Steve Crandall 0-0: Ball
1-0: Foul Ball, location: 2F
1-1: Ground out 5-3 (Groundball, 56S, EV 78.8 MPH)
Top of the 7th over - 0 runs, 1 hit, 0 errors, 1 left on base; San Francisco (APP) 5 - San Diego (APP) 0
BOTTOM OF THE 7TH
San Diego (APP) Padres batting - Pitching for San Francisco (APP) Giants : LHP Jesse Hulse
Batting: RHB Laroya Foronda 0-0: Called Strike
0-1: Ball
1-1: Fly out, F9 (Flyball, 9, EV 86.3 MPH)
Batting: LHB Byron Carmichael 0-0: Ball
1-0: Called Strike
1-1: Ball
2-1: SINGLE (Line Drive, 9LS, EV 95.6 MPH)
Batting: LHB Bobby Mohr 0-0: Called Strike
0-1: Ball
1-1: Ball
2-1: Grounds into double play, 1-6-3 (Groundball, 34S, EV 61.9 MPH)
Bottom of the 7th over - 0 runs, 1 hit, 0 errors, 0 left on base; San Francisco (APP) 5 - San Diego (APP) 0
TOP OF THE 8TH
San Francisco (APP) Giants batting - Pitching for San Diego (APP) Padres : LHP John Redding
Batting: SHB Jimmy Kovac 0-0: Foul Ball, location: 2F
0-1: Foul Ball, location: 2F
0-2: Ground out 3-1 (Groundball, 34S, EV 87.5 MPH)
Batting: RHB Luis Herrera 0-0: Fly out, F9 (Line Drive, 9, EV 92.5 MPH)
Batting: LHB Tim Long 0-0: Ball
1-0: Foul Ball, location: 2F
1-1: Swinging Strike
1-2: Strikes out swinging
Top of the 8th over - 0 runs, 0 hits, 0 errors, 0 left on base; San Francisco (APP) 5 - San Diego (APP) 0
BOTTOM OF THE 8TH
San Diego (APP) Padres batting - Pitching for San Francisco (APP) Giants : LHP Jesse Hulse
Batting: RHB Joe Brady 0-0: Ball
1-0: Ball
2-0: Ground out U3 (Groundball, 34, EV 101.3 MPH)
Pitching: RHP Ben Haddix
Batting: LHB Justin Banner 0-0: Foul Ball, location: 2F
0-1: Ground out 4-3 (Groundball, 4, EV 86.3 MPH)
Batting: RHB John Gray 0-0: Ground out 4-3 (Groundball, 4, EV 93.1 MPH)
Bottom of the 8th over - 0 runs, 0 hits, 0 errors, 0 left on base; San Francisco (APP) 5 - San Diego (APP) 0
TOP OF THE 9TH
San Francisco (APP) Giants batting - Pitching for San Diego (APP) Padres : LHP John Redding
Pinch Hitting: RHB Bobby Arteaga 0-0: Ball
1-0: Called Strike
1-1: Ball
2-1: Ball
3-1: Base on Balls
Pitching: LHP J.D. Burley
Batting: LHB Wilson Ayala 0-0: Called Strike
0-1: Swinging Strike
0-2: Ball
1-2: Strikes out swinging
Batting: LHB A.J. Paine 0-0: Called Strike
0-1: Called Strike
0-2: Strikes out swinging
Batting: RHB Luis Andrade 0-0: Ball
Passed Ball!
Bobby Arteaga to second
1-0: Ball
2-0: Ball
Wild Pitch!
Bobby Arteaga to third
3-0: Base on Balls
Batting: RHB Nate Stio 0-0: Called Strike
0-1: Swinging Strike
0-2: Ball
1-2: 3-RUN HOME RUN (Flyball, 7D, EV 97.5 MPH), Distance : 379 ft
Batting: RHB Steve Crandall 0-0: Ball
1-0: SOLO HOME RUN (Line Drive, 7D, EV 100.0 MPH), Distance : 392 ft
Batting: SHB Jimmy Kovac 0-0: Fly out, F9 (Line Drive, 9, EV 98.8 MPH)
Top of the 9th over - 4 runs, 2 hits, 0 errors, 0 left on base; San Francisco (APP) 9 - San Diego (APP) 0
BOTTOM OF THE 9TH
San Diego (APP) Padres batting - Pitching for San Francisco (APP) Giants : RHP Ben Haddix
Pitching: RHP Alex Tambunga
Batting: SHB J.D. Burley 0-0: Ball
1-0: SINGLE (Groundball, 56D, EV 101.3 MPH)
Batting: SHB Juan Luna 0-0: Called Strike
0-1: Fielders Choice at 2nd, 1-6 (Groundball, P, EV 85.0 MPH)
Batting: SHB Justin Burkholder 0-0: Foul Ball, location: 2F
0-1: Ball
1-1: Foul Ball, location: 2F
1-2: Strikes out looking
Batting: RHB Laroya Foronda 0-0: Ground out 3-1 (Groundball, 34, EV 76.3 MPH)
Bottom of the 9th over - 0 runs, 1 hit, 0 errors, 1 left on base; San Francisco (APP) 9 - San Diego (APP) 0
Tuesday, March 28th , 2023 - OOTP Baseball 23.10 Build 110